 Dungeon Crawl Stone Soup version 0.29-a0-1033-gb6c65ffae6 (webtiles) character file.

Game seed: 7315339229891942198

107 marklar909 the Slasher (level 5, 0/40 HPs)
             Began as a Djinni Cinder Acolyte on Aug 14, 2022.
             Was a High Priest of Ignis.
             Killed from afar by Sigmund (6 damage)
             ... with a magic dart
             ... on level 3 of the Dungeon.
             The game lasted 00:07:41 (3100 turns).

marklar909 the Slasher (Djinni Cinder Acolyte)      Turns: 3100, Time: 00:07:42

Health: 0/40       AC:  4    Str: 15    XL:     5   Next: 11%
Gold:   112        EV: 11    Int: 16    God:    Ignis [*****.] SH:  0 Dex:  8

rFire   + + +      SeeInvis .   a - -1 falchion (flame)
rCold   x . .      Faith    .   (no shield)
rNeg    . . .      Spirit   .   b - +0 robe
rPois   ∞          Reflect  .   (no helmet)
rElec   .          Harm     .   j - +1 cloak
rCorr   .          Rampage  .   (no gloves)
Will    +....                   (boots unavailable)
Stlth   +.........              (no amulet)
HPRegen 0.13/turn               i - ring of willpower
MPRegen 0.00/turn               (no ring)

@: flying
A: sickness immunity, fire resistance 2, cold vulnerability 1, float, innate
caster, HP casting, extra vitality 1
a: Renounce Religion, Fiery Armour, Foxfire Swarm, Rising Flame


You were on level 3 of the Dungeon.
You worshipped Ignis.
Ignis was extremely pleased with you.
You visited 1 branch of the dungeon, and saw 3 of its levels.

You collected 112 gold pieces.

Inventory:

Hand Weapons
 a - a -1 falchion of flaming (weapon)
Armour
 b - a +0 robe (worn)
 j - a +1 cloak (worn)
Jewellery
 i - a ring of willpower (left hand)
Scrolls
 e - 5 scrolls of identify {unknown}
Potions
 c - a potion of berserk rage {unknown}
 d - 2 potions of brilliance {unknown}
 f - 2 potions of mutation {unknown}
 g - a potion of heal wounds {unknown}
 h - 2 potions of haste {unknown}
 k - a potion of attraction {unknown}
 l - a potion of resistance {unknown}
 m - 4 potions of curing {unknown}


   Skills:
 + Level 3.5 Fighting
 + Level 3.5 Long Blades
 + Level 1.5 Dodging
 + Level 0.1 Stealth
 + Level 3.1 Spellcasting


You had 5 spell levels left.
You knew the following spells:

 Your Spells              Type           Power      Damage    Failure   Level
a - Scorch                Fire           24%        2d6       8%          2
b - Shock                 Conj/Air       48%        1d6       5%          1
c - Ensorcelled Hibernat  Hex/Ice        24%        N/A       8%          2
Your spell library was empty.

Dungeon Overview and Level Annotations

Branches:
Dungeon (3/15)

Altars:

Annotations:
D:3 Sigmund


Innate Abilities, Weirdness & Mutations

You are immune to sickness and miasma.
You are immune to poison.
Your flesh is very heat resistant. (rF++)
You are vulnerable to cold. (rC-)
You float through the air rather than walking.
You learn spells naturally, not from books.
Your magical power is your life essence.
You have superior vitality. (+4 MHP)


Message History

Casting: Ensorcelled Hibernation (safe; 8% risk of failure)
Confirm with . or Enter, or press ? or * to list all spells.
Aiming: Ensorcelled Hibernation (safe; 8% risk of failure)
Press: ? - help, Shift-Dir - straight line, f/p - Sigmund
Aim: Sigmund, wielding a +0 scythe and wearing a +0 robe (moderately wounded, chance to affect: 54%) Sigmund resists with significant effort.
Sigmund hits you from afar with a +0 scythe.
Casting: Ensorcelled Hibernation (safe; 8% risk of failure)
Confirm with . or Enter, or press ? or * to list all spells.
Aiming: Ensorcelled Hibernation (safe; 8% risk of failure)
Press: ? - help, Shift-Dir - straight line, f/p - Sigmund
Aim: Sigmund, wielding a +0 scythe and wearing a +0 robe (moderately wounded, chance to affect: 54%) Sigmund resists with significant effort.
Sigmund hits you with a +0 scythe!
You closely miss Sigmund.
Sigmund is moderately wounded.
Sigmund casts a spell at you. The magic dart hits you!
* * * LOW HITPOINT WARNING * * *
Unknown command.
Casting: Ensorcelled Hibernation (safe; 8% risk of failure)
Confirm with . or Enter, or press ? or * to list all spells.
Aiming: Ensorcelled Hibernation (safe; 8% risk of failure)
Press: ? - help, Shift-Dir - straight line, f/p - Sigmund
Aim: Sigmund, wielding a +0 scythe and wearing a +0 robe (moderately wounded, chance to affect: 54%) Sigmund looks drowsy...
* * * LOW HITPOINT WARNING * * *
Unknown command.
Sigmund shouts!
Sigmund casts a spell.
Sigmund flickers and vanishes!
Deactivating autopickup; reactivate with Ctrl-A.
Your magical contamination has completely faded away.
A puff of flame appears from out of thin air!
The puff of flame hits you. You resist.
* * * LOW HITPOINT WARNING * * *
There is a stone staircase leading up here.
A magic dart appears from out of thin air!
The magic dart hits you.
You die...

...............
...♣.._..8..∩
...$.........
.........##.#
........# #.#
#######{# #.# #
#.# #.#.#
#{###.#.#
######....@..#
#..........###
............+
##..........#
#..........#
#..........#
############


There were no monsters in sight!

Vanquished Creatures
  Terence (D:2)
  2 adders (D:2)
  2 worms (D:2)
  A dart slug (D:2)
  6 ball pythons
  6 bats
  4 endoplasms
  4 giant cockroaches
  3 goblins
  6 hobgoblins
  A jackal (D:2)
  3 kobolds
  4 quokkas
  3 frilled lizards
  6 rats
52 creatures vanquished.

Notes
Turn   | Place    | Note
-------+----------+-------------------------------------------
     0 | D:1      | marklar909 the Djinni Cinder Acolyte began the quest for
                  | the Orb.
     0 | D:1      | marklar909 set off with the following spells memorised:
                  | Scorch.
     0 | D:1      | Reached XP level 1. HP: 20/20 MP: 0/0
   269 | D:1      | Reached XP level 2. HP: 16/25 MP: 0/0
   932 | D:1      | Reached XP level 3. HP: 30/30 MP: 0/0
   932 | D:1      | Learned a level 1 spell: Shock
  1822 | D:2      | Noticed Terence
  1827 | D:2      | Killed Terence
  1828 | D:2      | Reached skill level 1 in Dodging
  1828 | D:2      | Reached XP level 4. HP: 21/35 MP: 0/0
  2661 | D:2      | Reached XP level 5. HP: 37/40 MP: 0/0
  2661 | D:2      | Learned a level 2 spell: Ensorcelled Hibernation
  3078 | D:3      | Found a faded altar of an unknown god.
  3082 | D:3      | Noticed Sigmund
  3100 | D:3      | Killed from afar by Sigmund

Illustrated notes

Levels and vault maps discovered:
D:1:      saegor_arrival_miasma, layout_basic
D:2:      minmay_razor_zed, layout_basic, kennysheep_flooded_box,
          minmay_misc_feat_room, minmay_octomino_j4, uniq_terence
D:3:      layout_basic, nicolae_kikubaaqudgha_miasma_corner,
          hellmonk_ecumenical_altar_arch_garden, kennysheep_decorative_pillar,
          reono_crystal_passage, minmay_crystal_room, uniq_sigmund,
          uniq_crazy_yiuf_cottage

Skill      XL: |  1  2  3  4 |
---------------+-------------+-----
Long Blades    | 3 |  3.5
Dodging        | 1 |  1.5
Spellcasting   | 3 |  3.1
Fighting       | |  3.5
Stealth        | |  0.1

Action                   |  1- 3 |  4- 6 || total
-------------------------+-------+-------++-------
Melee: Falchion          |    73 |    29 ||   102
 Cast: Scorch            |    13 |     9 ||    22
       Shock             |       |    18 ||    18
       Ensorcelled Hiber |       |     4 ||     4
Armor: Robe              |    22 |    17 ||    39
Dodge: Dodged            |    53 |    20 ||    73

Table legend: (Time is in decaauts)
 A = Elapsed time spent in this place.
 B = Non-inter-level travel time spent in this place.
 C = Inter-level travel time spent in this place.
 D = Time resting spent in this place.
 E = Time spent auto-exploring this place.
 F = Levels seen in this place.
 G = Mean time per level.
                   A        B        C        D        E       F      G
               +--------+--------+--------+--------+--------+-----+--------+
         Total |   3113 |   3013 |    100 |    473 |   2189 |   3 | 1037.7 |
       Dungeon |   3113 |   3013 |    100 |    473 |   2189 |   3 | 1037.7 |
               +--------+--------+--------+--------+--------+-----+--------+

Top non-repeatable levels by time:
     D:2: 1898 daAuts
     D:1: 1186 daAuts
     D:3: 28 daAuts
